 Dungeon Sprint DCSS version 0.17-a0-1719-g1afd5a1 (webtiles) character file.

5737 Kidiri the Protected (level 10, -2/141 HPs)
             Began as a Minotaur Fighter on Aug 28, 2015.
             Was a High Priest of Okawaru.
             Slain by an orange demon (7 damage)
             ... in the Dungeon (Sprint VII: "The Pits").
             The game lasted 00:07:21 (961 turns).

Kidiri the Protected (Minotaur Fighter)              Turns: 961, Time: 00:07:21

Health: -2/141     AC: 23    Str: 32    XL:     10   Next: 49%
Magic:  15/15      EV: 12    Int:  5    God:    Okawaru [*****.]
Gold:   0          SH: 13    Dex: 10    Spells: 0 memorised, 9 levels left

rFire  . . .     SeeInvis .     y - +4 broad axe of Gopsiu {flame, +Rage rC+ Stlth+}
rCold  + . .     Clarity  .     s - +2 plate armour
rNeg   . . .     SustAt   .     c - +0 shield
rPois  .         Gourm    .     (helmet restricted)
rElec  .         Spirit   .     x - +0 cloak
rCorr  .         Warding  .     (no gloves)
rMut   .         NoTele   +     (no boots)
MR     .....                    (no amulet)
Stlth  ..........               u - +3 ring of strength
                                t - +3 ring of protection

@: berserking, lethally poisoned (-2 -> -18), weakened, slowed, not resistant to
hostile enchantments, extremely unstealthy
A: retaliatory headbutt, horns 2
a: Heroism, Finesse, Renounce Religion, Evoke Berserk Rage


You were in the Dungeon.
You worshipped Okawaru.
Okawaru was extremely pleased with you.
You were not hungry.

You visited 1 branch

Inventory:

Hand weapons
 r - the +4 broad axe of the Dragonfly {venom, *Confuse MR+ Str+3 Stlth+}
   (Okawaru gifted it to you in the Dungeon)

   It poisons the flesh of those it strikes.
   It affects your strength (+3).
   It affects your resistance to hostile enchantments.
   It may confuse you when you take damage.
   It makes you more stealthy.
 w - a +2 antimagic war axe
 y - the +4 broad axe of Gopsiu (weapon) {flame, +Rage rC+ Stlth+}
   (Okawaru gifted it to you in the Dungeon)

   It has been specially enchanted to burn those struck by it, causing extra
   injury to most foes and up to half again as much damage against particularly
   susceptible opponents.
   Big, fiery blades are also staple armaments of hydra-hunters.
   It protects you from cold.
   It lets you go berserk.
   It makes you more stealthy.
Armour
 c - a +0 shield (worn)
 s - a +2 plate armour (worn)
 x - a +0 cloak (worn)
Jewellery
 t - a +3 ring of protection (left hand)
 u - a +3 ring of strength (right hand)
Magical devices
 a - a wand of teleportation (5)
Scrolls
 k - a scroll of blinking
 o - 3 scrolls of remove curse
 p - 5 scrolls of amnesia
 q - a scroll of summoning
Potions
 d - 2 potions of might
 f - 9 potions of curing
 h - 2 potions of haste
 i - 4 potions of magic
 j - 2 potions of berserk rage
 n - 2 potions of invisibility
 v - a potion of resistance
Comestibles
 b - 7 chunks of flesh
 e - 7 bread rations
 l - 40 fruits
 m - 7 meat rations


   Skills:
 + Level 10.9 Fighting
 * Level 14.0 Axes
 * Level 14.3 Armour
 * Level 12.4 Dodging
 + Level 11.3 Shields
 + Level 8.1 Invocations


You had 9 spell levels left.
You didn't know any spells.

Dungeon Overview and Level Annotations

Branches:
Dungeon (1/1)

Altars:
Ashenzari
Cheibriados
Dithmenos
Elyvilon
Fedhas
Gozag
Kikubaaqudgha
Makhleb
Nemelex Xobeh
Okawaru
Qazlal
Ru
Sif Muna
Trog
Vehumet
Xom
Yredelemnul
Zin
The Shining One
Beogh
Jiyva
Lugonu


Innate Abilities, Weirdness & Mutations

You reflexively headbutt those who attack you in melee.
You have a pair of horns on your head.


Message History

You slice the sun demon!!
The sun demon is moderately wounded.
You slash something! You burn something. You slash the chaos spawn!
You burn the chaos spawn.
The chaos spawn is severely wounded.
You feel sick. The sun demon completely misses you. You furiously retaliate!
You headbutt the sun demon! Something hits you but does no damage.
The orc sorcerer hits you but does no damage.
You slash the orc sorcerer! You burn the orc sorcerer.
The orc sorcerer is heavily wounded.
You miss the sun demon.
The sun demon is heavily wounded.
You slice something!! You burn something. You closely miss the chaos spawn.
The chaos spawn is severely wounded.
You feel sick. The sun demon hits you.
* * * LOW HITPOINT WARNING * * *
You are engulfed in flames!
* * * LOW HITPOINT WARNING * * *
The orange demon stings you from afar!
You die...

.........+
.........+
..#......#
.........#
##''###### ##''#####
###########
##......#
#...3.....#
##......# #.4.4†..#
###....## ####o@.# #
##''## ###..+.3.+
###.)).###....##'##
##......#....##...##
##..))..'....+.....+
##..(...#....##..)##
###..).###....##+##
# ##++## ###..'.(.+
# #.... ####...###


You could see a sun demon, an orange demon, a hellwing, a chaos spawn and an orc
sorcerer.

Vanquished Creatures
  An emperor scorpion (D)
  A swamp dragon (D)
  A flayed ghost (D)
  A lindwurm (D)
  A hellwing (D)
  A troll (D)
  A flying skull (D)
  A tarantella (D)
  A fire bat (D)
  A wraith (D)
  A hungry ghost (D)
  4 deep elf fighters (D)
  A basilisk (D)
  4 wolves (D)
  Duvessa (D)
  A necrophage (D)
  2 small abominations (D)
  A brain worm (D)
  A giant frog (D)
  Dowan (D)
  A crimson imp (D)
  An orc priest (D)
  A hound (D)
  A worker ant (D)
  2 adders (D)
  2 gnolls (D)
  2 river rats (D)
  An ooze (D)
  2 giant geckos (D)
  6 orcs (D)
  A goblin (D)
  A kobold (D)
  A ball python (D)
  A giant newt (D)
50 creatures vanquished.

Notes
Turn   | Place    | Note
--------------------------------------------------------------
     0 | D        | Kidiri the Minotaur Fighter began the quest for the Orb.
     0 | D        | Reached XP level 1. HP: 19/19 MP: 0/0
    12 | D        | Noticed a brain worm
    16 | D        | Killed a brain worm
    16 | D        | Reached skill level 4 in Fighting
    16 | D        | Reached skill level 5 in Axes
    16 | D        | Reached skill level 5 in Armour
    16 | D        | Reached skill level 5 in Shields
    16 | D        | Reached XP level 2. HP: 24/28 MP: 1/1
    16 | D        | Reached XP level 3. HP: 30/35 MP: 2/2
    41 | D        | Found a sacrificial altar of Ru.
    41 | D        | Found a basalt altar of Yredelemnul.
    41 | D        | Found a shadowy altar of Dithmenos.
    41 | D        | Found a deep blue altar of Sif Muna.
    41 | D        | Found a burning altar of Makhleb.
    41 | D        | Found a shimmering altar of Xom.
    41 | D        | Found an ancient bone altar of Kikubaaqudgha.
    41 | D        | Found a sparkling altar of Nemelex Xobeh.
    42 | D        | Found a glowing golden altar of the Shining One.
    42 | D        | Found a bloodstained altar of Trog.
    42 | D        | Found a shattered altar of Ashenzari.
    42 | D        | Found a white marble altar of Elyvilon.
    42 | D        | Found a snail-covered altar of Cheibriados.
    42 | D        | Found a blossoming altar of Fedhas.
    42 | D        | Found a radiant altar of Vehumet.
    42 | D        | Found a glowing silver altar of Zin.
    42 | D        | Found a corrupted altar of Lugonu.
    42 | D        | Found a viscous altar of Jiyva.
    42 | D        | Found a roughly hewn altar of Beogh.
    42 | D        | Found an iron altar of Okawaru.
    48 | D        | Found a stormy altar of Qazlal.
    48 | D        | Found an opulent altar of Gozag.
    51 | D        | Became a worshipper of Warmaster Okawaru
    69 | D        | Reached XP level 4. HP: 41/41 MP: 3/3
    70 | D        | Reached skill level 6 in Armour
    81 | D        | Reached skill level 5 in Fighting
   122 | D        | Reached skill level 1 in Invocations
   207 | D        | Noticed a giant frog
   207 | D        | Noticed a hound
   207 | D        | Noticed a crimson imp
   214 | D        | Killed a giant frog
   214 | D        | Reached skill level 7 in Armour
   214 | D        | Reached XP level 5. HP: 45/50 MP: 3/5
   214 | D        | Killed a hound
   215 | D        | Noticed a fire bat
   222 | D        | Noticed a necrophage
   226 | D        | Killed a fire bat
   226 | D        | Acquired Okawaru's first power
   226 | D        | Reached skill level 8 in Axes
   226 | D        | Reached skill level 5 in Dodging
   226 | D        | Reached XP level 6. HP: 35/58 MP: 4/7
   234 | D        | Killed a necrophage
   234 | D        | Reached skill level 9 in Armour
   242 | D        | Killed a crimson imp
   356 | D        | Noticed a worker ant
   360 | D        | Killed a worker ant
   432 | D        | Noticed a small abomination
   435 | D        | Killed a small abomination
   435 | D        | Reached XP level 7. HP: 66/66 MP: 7/9
   439 | D        | Noticed a flying skull
   439 | D        | Noticed an orc priest
   443 | D        | Killed an orc priest
   447 | D        | Killed a flying skull
   447 | D        | Reached skill level 10 in Armour
   474 | D        | Noticed a hellwing
   474 | D        | Noticed an emperor scorpion
   495 | D        | Killed a hellwing
   495 | D        | Reached skill level 10 in Axes
   495 | D        | Reached skill level 5 in Invocations
   538 | D        | Killed an emperor scorpion
   538 | D        | Reached skill level 11 in Axes
   538 | D        | Reached skill level 12 in Armour
   538 | D        | Reached skill level 10 in Dodging
   538 | D        | Reached XP level 8. HP: 45/78 MP: 9/11
   538 | D        | Reached XP level 9. HP: 47/83 MP: 9/12
   756 | D        | Noticed Duvessa
   756 | D        | Noticed Dowan
   756 | D        | Noticed a tarantella
   756 | D        | Noticed a basilisk
   760 | D        | Killed Duvessa
   761 | D        | Killed Dowan
   763 | D        | Killed a basilisk
   763 | D        | Reached skill level 10 in Shields
   764 | D        | Killed a tarantella
   772 | D        | Noticed a troll
   772 | D        | Noticed a wolf
   772 | D        | Noticed a wolf
   772 | D        | Noticed a wolf
   772 | D        | Noticed a wolf
   772 | D        | Noticed a deep elf fighter
   772 | D        | Noticed a deep elf fighter
   772 | D        | Noticed a deep elf fighter
   775 | D        | Killed a wolf
   776 | D        | Killed a wolf
   779 | D        | Killed a wolf
   779 | D        | Acquired Okawaru's second power
   779 | D        | Received a gift from Okawaru
   780 | D        | Killed a deep elf fighter
   781 | D        | Killed a deep elf fighter
   781 | D        | Reached skill level 13 in Armour
   783 | D        | Killed a deep elf fighter
   784 | D        | Killed a troll
   784 | D        | Received a gift from Okawaru
   784 | D        | Reached skill level 10 in Fighting
   784 | D        | Killed a wolf
   791 | D        | Got a scorched broad axe {god gift}
   792 | D        | Identified the +4 broad axe of the Dragonfly {venom, *Confuse MR+ Str+3 Stlth+} (Okawaru gifted it to you in the Dungeon)
   802 | D        | Noticed a hungry ghost
   802 | D        | Noticed a swamp dragon
   810 | D        | Killed a hungry ghost
   814 | D        | Killed a swamp dragon
   814 | D        | Reached XP level 10. HP: 89/94 MP: 6/14
   885 | D        | Noticed a wraith
   897 | D        | Killed a wraith
   898 | D        | Noticed a lindwurm
   898 | D        | Noticed a small abomination
   904 | D        | Killed a lindwurm
   905 | D        | Killed a small abomination
   905 | D        | Reached skill level 14 in Armour
   919 | D        | Noticed a flayed ghost
   919 | D        | Noticed a deep elf fighter
   925 | D        | Killed a deep elf fighter
   931 | D        | Killed a flayed ghost
   931 | D        | Received a gift from Okawaru
   932 | D        | Got a translucent broad axe {god gift}
   934 | D        | Identified the +4 broad axe of Gopsiu {flame, +Rage rC+ Stlth+} (Okawaru gifted it to you in the Dungeon)
   942 | D        | Noticed an orange demon
   942 | D        | Noticed an orc sorcerer
   946 | D        | Paralysed by an orc sorcerer for 7 turns
   958 | D        | Noticed a sun demon
   961 | D        | HP: 5/141 [sun demon[an orc sorcerer] (17)]
   961 | D        | Slain by an orange demon

Vault maps used:
D:        pitsprint

Action                   |  1- 3 |  4- 6 |  7- 9 | 10-12 || total
-------------------------+-------+-------+-------+-------++-------
Melee: War axe           |     6 |    56 |    81 |       ||   143
       Broad axe         |       |       |    10 |    33 ||    43
Invok: Heroism           |       |       |     3 |     1 ||     4
  Use: Potion            |       |       |     6 |     5 ||    11
  Eat: Bread ration      |       |       |     1 |       ||     1
